 Dungeon Crawl Stone Soup version 0.27-a0-1200-g94dc6ad4cf (webtiles) character file.

Game seed: 14602769186173671839

30079 Morbidden the Carver (level 13, -1/171 HPs)
             Began as a Minotaur Fighter on June 1, 2021.
             Was a High Priest of Cheibriados.
             Slain by a smoke demon (3 damage)
             ... on level 3 of the Abyss.
             The game lasted 00:21:10 (16759 turns).

Morbidden the Carver (Minotaur Fighter)            Turns: 16759, Time: 00:21:11

Health: -1/171     AC: 26    Str: 32 (33) XL:     13   Next: 18%
Magic:  18/18      EV:  2    Int: 18 (20) God:    Cheibriados [*****.]
Gold:   1308       SH: 15    Dex: 24 (27) Spells: 18/18 levels left

rFire    . . .     SeeInvis .   a - +0 long sword
rCold    . . .     Faith    .   c - +1 kite shield
rNeg     + + +     Spirit   .   (armour currently unavailable)
rPois    +         Reflect  .   (helmet currently unavailable)
rElec    .         Harm     .   (cloak currently unavailable)
rCorr    .         Rampage  .   (gloves currently unavailable)
Will     .....     NoTele   +   (boots currently unavailable)
Stlth    ++........             M - amulet of the acrobat
HPRegen  0.38/turn              j - +6 ring of dexterity
MPRegen  0.16/turn              N - +4 ring of slaying

@: tree-form, on berserk cooldown, very slightly contaminated, invisible, very
slow
A: stationary, stasis, torment immunity, boosted hp, (horns 2), (retaliatory
headbutt), [deterioration 2]
a: Renounce Religion, Bend Time, Temporal Distortion, Slouch, Step From Time


You were on level 3 of the Abyss.
You worshipped Cheibriados.
Cheibriados was extremely pleased with you.
You were a tree.
You visited 1 branch of the dungeon, and saw 14 of its levels.
You visited the Abyss 1 time.

You collected 1308 gold pieces.

Inventory:

Hand Weapons
 a - a +0 long sword (weapon)
 b - a +6 hunting sling of venom
 k - a +1 dagger of holy wrath
 R - a +2 dagger of flaming
Missiles
 u - 42 poisoned darts
 v - 11 javelins
 C - 12 boomerangs (quivered)
 L - 51 sling bullets
 U - 2 curare-tipped darts
Armour
 c - a +1 kite shield (worn)
 m - a +0 pair of gloves (melded)
 t - a +2 cloak (melded)
 A - a +0 plate armour (melded)
Jewellery
 j - a +6 ring of dexterity (left branch)
 F - a ring of see invisible
 H - a ring of fire
 M - an amulet of the acrobat (around neck)
 N - a +4 ring of slaying (right branch)
Wands
 g - a wand of charming (23)
 y - a wand of flame (25)
 J - a wand of iceblast (15)
 V - a wand of digging (13)
Scrolls
 e - a scroll of vulnerability
 f - 3 scrolls of immolation
 l - a scroll of brand weapon
 q - 9 scrolls of identify
 s - a scroll of silence {unknown}
 w - 7 scrolls of teleportation
 B - a scroll of acquirement {unknown}
 O - a scroll of summoning
 Q - 2 scrolls of enchant armour
 W - 5 scrolls of enchant weapon
Potions
 d - 3 potions of might
 i - 3 potions of brilliance
 o - a potion of magic
 p - a potion of degeneration
 r - 3 potions of flight
 z - a potion of resistance
 K - a potion of haste
 S - a potion of lignification
 T - 5 potions of ambrosia
Miscellaneous
 I - a phantom mirror (inert)


   Skills:
 * Level 10.5 Fighting
 + Level 2.5(8.0) Short Blades
 * Level 12.6(12.7) Long Blades
 + Level 7.6(7.7) Slings
 + Level 1.5(4.6) Throwing
 + Level 10.0 Armour
 * Level 8.9 Dodging
 + Level 1.2 Stealth
 + Level 9.7 Shields
 * Level 3.1 Spellcasting
 * Level 8.3 Invocations
 + Level 0.3 Evocations


You had 18 spell levels left.
You didn't know any spells.
Your spell library contained the following spells:

 Spells                   Type           Power      Damage    Failure   Level
 Animate Skeleton         Necr           4%         N/A       30%         1
 Apportation              Tloc           4%         N/A       30%         1
 Beastly Appendage        Tmut           4%         N/A       30%         1
 Corona                   Hex            2%         N/A       30%         1
 Summon Small Mammal      Summ           8%         N/A       30%         1
 Call Imp                 Summ           2%         N/A       43%         2
 Wereblood                Tmut           2%         N/A       43%         2
 Call Canine Familiar     Summ           2%         N/A       67%         3
 Lesser Beckoning         Tloc           1%         N/A       67%         3
 Spider Form              Tmut/Pois      1%         N/A       67%         3
 Summon Guardian Golem    Hex/Summ       2%         N/A       67%         3
 Tukima's Dance           Hex            2%         N/A       67%         3
 Animate Dead             Necr           1%         N/A       97%         4
 Ice Form                 Ice/Tmut       2%         N/A       97%         4
 Summon Ice Beast         Ice/Summ       2%         N/A       97%         4
 Summon Lightning Spire   Summ/Air       2%         N/A       97%         4
 Alistair's Intoxication  Tmut/Pois      1%         N/A       100%        5
 Borgnjor's Vile Clutch   Necr/Erth      1%         N/A       100%        5
 Hydra Form               Tmut           1%         N/A       100%        5
 Death Channel            Necr           1%         N/A       100%        6
 Invisibility             Hex            2%         N/A       100%        6
 Simulacrum               Ice/Necr       1%         N/A       100%        6


Dungeon Overview and Level Annotations

Branches:
Dungeon (14/15)            Temple (0/1) D:7            Lair (0/6) D:11
    Orc (0/2) D:9
 Vaults: D:13-14

Altars:
Cheibriados
Dithmenos
Elyvilon
Nemelex Xobeh
Ru
Trog
Vehumet
The Shining One

Shops:
D:1 *


Innate Abilities, Weirdness & Mutations

You are a tree.
Your roots penetrate the ground, keeping you stationary.
You cannot be teleported.
You are immune to unholy pain and torment.
Your maximum health is greatly increased.
Your equipment is partially melded.
((You have a pair of horns on your head.))
((You reflexively headbutt those who attack you in melee.))
[Your body often deteriorates upon taking damage.]


Message History

Unknown command.
Unknown command.
Unknown command.
You're standing in a cloud of steam!
Unknown command.
You feel better.
You are engulfed in a cloud of scalding steam.
It was a potion of invisibility.
You fade into invisibility!
A redback comes into view.
You are very lightly contaminated with residual magic.
Unknown command.
It was a potion of ambrosia.
You are confused.
You feel invigorated.
Unknown command.
The smoke demon hits you but does no damage. x3
Unknown command.
You feel less invigorated.
You feel less confused. You block the smoke demon's attack.
The smoke demon hits you but does no damage.
You block the smoke demon's attack.
Unknown command.
The smoke demon gestures at you.
The ball of steam hits you but does no damage.
Unknown command.
The neqoxec shouts!
You slash the smoke demon!
The smoke demon is moderately wounded.
* * * LOW HITPOINT WARNING * * *
You hear a roar!
The smoke demon gestures at you. Something smites you!
* * * LOW HITPOINT WARNING * * *
You hit the smoke demon.
The smoke demon is moderately wounded.
The smoke demon hits you but does no damage.
You block the smoke demon's attack. The smoke demon hits you.
You die...

###.. ....
#.#.≈# ...
..... (.. #..≈#
†( (. #...!#.#
#(#
#...(§§#(≈.#(
#.§(3≈.(3≈. #♣#
......§§...._..
.#>#+#..###....
.#.. .. ..#.$
##+#+##


You could see a smoke demon and a neqoxec.

Vanquished Creatures
  A tentacled starspawn (Abyss:3)
  Snorg (D:13)
  3 hydras
  2 boulder beetles
  A vault guard (D:14)
  3 centaur warriors
  6 two-headed ogres
  A tengu warrior (D:14)
  Pikel (D:9)
  3 deep elf pyromancers
  3 ugly things
  2 cyclopes (D:14)
  A manticore (D:13)
  Joseph (D:7)
  A gargoyle (D:13)
  A rime drake (shapeshifter) (D:13)
  A kobold demonologist (D:11)
  A tengu conjurer (D:14)
  A komodo dragon (D:12)
  A queen bee (D:11)
  4 trolls
  10 slime creatures
  2 hornets
  Prince Ribbit (D:9)
  A vampire (D:6)
  3 wyverns
  3 wraiths
  4 steam dragons
  A basilisk (D:12)
  3 wargs (D:11)
  5 vampire mosquitoes
  2 acid dragons
  4 orc warriors
  A sky beast (D:8)
  2 ice beasts
  2 black bears (D:6)
  A necrophage (D:6)
  An ogre (D:6)
  4 centaurs
  A phantom (D:6)
  A lemure (D:9)
  5 kobold brigands (D:11)
  A gnoll sergeant (D:6)
  2 bullfrogs
  2 scorpions
  25 killer bees
  A water moccasin skeleton (D:6)
  6 wights
  A lava snake (D:13)
  A bullfrog zombie (D:5)
  2 howler monkeys
  9 centaur zombies
  5 hounds
  2 jellies
  7 orc priests
  2 bullfrog skeletons (D:6)
  2 gnoll shamans
  6 iguanas
  8 orc wizards
  A killer bee zombie (D:8)
  A hound skeleton (D:5)
  2 howler monkey zombies
  9 gnolls
  9 adders
  A shadow imp (D:8)
  A white imp (D:6)
  An ufetubus (D:6)
  2 worms (D:4)
  A dart slug (D:2)
  31 orcs
  6 bats
  7 endoplasms
  8 giant cockroaches
  11 goblins
  11 hobgoblins
  13 jackals
  7 ball pythons
  2 frilled lizards
  9 kobolds
  5 rats
316 creatures vanquished.

Vanquished Creatures (collateral kills)
  A hydra (D:11)
  A thrashing horror (Abyss:3)
  A redback (Abyss:3)
  2 wights (D:8)
5 creatures vanquished.

Vanquished Creatures (others)
  2 plants (D:11)
  4 starspawn tentacles (Abyss:3)
6 creatures vanquished.

Grand Total: 327 creatures vanquished

Notes
Turn   | Place    | Note
-------+----------+-------------------------------------------
     0 | D:1      | Morbidden the Minotaur Fighter began the quest for the Orb.
     0 | D:1      | Reached XP level 1. HP: 19/19 MP: 0/0
   236 | D:1      | Reached XP level 2. HP: 27/27 MP: 1/1
   270 | D:1      | Found Kejo's Assorted Antiques.
   709 | D:2      | Reached skill level 1 in Dodging
   709 | D:2      | Reached XP level 3. HP: 27/33 MP: 2/2
   923 | D:2      | Reached skill level 3 in Long Blades
  1404 | D:2      | Found a shadowy altar of Dithmenos.
  1677 | D:3      | Reached XP level 4. HP: 41/41 MP: 3/3
  2580 | D:4      | You fall into a shaft and drop 1 floor!
  2580 | D:5      | Entered Level 5 of the Dungeon
  2606 | D:5      | Reached skill level 4 in Long Blades
  2606 | D:5      | Reached XP level 5. HP: 22/47 MP: 4/4
  2966 | D:4      | Found a snail-covered altar of Cheibriados.
  2983 | D:4      | Became a worshipper of Cheibriados the Contemplative
  3131 | D:4      | Reached skill level 5 in Long Blades
  3381 | D:4      | Reached XP level 6. HP: 52/55 MP: 5/5
  3766 | D:5      | Noticed a wyvern
  3824 | D:5      | Reached * piety under Cheibriados
  3943 | D:5      | Noticed an ice beast
  3956 | D:5      | Killed an ice beast
  3957 | D:5      | Reached skill level 5 in Fighting
  3957 | D:5      | Reached skill level 1 in Invocations
  3964 | D:5      | Reached skill level 5 in Armour
  3973 | D:5      | HP: 4/84 [hound skeleton (1)]
  3974 | D:5      | Killed a wyvern
  3975 | D:5      | Reached skill level 6 in Long Blades
  3975 | D:5      | Reached XP level 7. HP: 5/61 MP: 5/7
  4909 | D:5      | Found a radiant altar of Vehumet.
  4909 | D:5      | Found a sparkling altar of Nemelex Xobeh.
  5211 | D:6      | Reached skill level 5 in Shields
  5492 | D:6      | Reached skill level 7 in Long Blades
  5527 | D:6      | Noticed a steam dragon
  5538 | D:6      | Reached XP level 8. HP: 69/69 MP: 7/9
  5804 | D:6      | Noticed a hornet
  5811 | D:6      | Reached skill level 1 in Short Blades
  5812 | D:6      | Killed a hornet
  5987 | D:6      | Reached ** piety under Cheibriados
  5988 | D:6      | Reached skill level 8 in Long Blades
  5996 | D:6      | Reached XP level 9. HP: 17/77 MP: 10/10
  7208 | D:7      | Noticed a troll
  7212 | D:7      | Killed a troll
  7567 | D:7      | Reached skill level 5 in Dodging
  7898 | D:7      | Noticed Joseph
  7910 | D:7      | Killed Joseph
  7911 | D:7      | Reached skill level 9 in Long Blades
  8198 | D:7      | Found a staircase to the Ecumenical Temple.
  8224 | D:7      | Reached *** piety under Cheibriados
  8765 | D:8      | Reached XP level 10. HP: 86/86 MP: 12/12
  8927 | D:8      | Found a white marble altar of Elyvilon.
  9167 | D:8      | Reached skill level 5 in Invocations
  9171 | D:8      | Reached skill level 1 in Slings
  9413 | D:8      | Found a glowing golden altar of the Shining One.
  9705 | D:9      | Found a bloodstained altar of Trog.
  9707 | D:9      | Found a sacrificial altar of Ru.
  9906 | D:9      | Identified the +1 scale mail "Ykaguskourr" {Str+4}
  9939 | D:9      | Reached **** piety under Cheibriados
 10589 | D:9      | Found a staircase to the Orcish Mines.
 10913 | D:9      | Noticed Prince Ribbit
 10920 | D:9      | Killed Prince Ribbit
 10986 | D:9      | Noticed Pikel
 11001 | D:9      | Killed Pikel
 11002 | D:9      | Reached skill level 10 in Long Blades
 11290 | D:10     | Entered Level 10 of the Dungeon
 11290 | D:10     | Noticed a two-headed ogre
 11297 | D:10     | Killed a two-headed ogre
 11905 | D:10     | Noticed a two-headed ogre
 11912 | D:10     | Killed a two-headed ogre
 11913 | D:10     | Reached skill level 1 in Stealth
 12276 | D:11     | Noticed a two-headed ogre
 12280 | D:11     | Killed a two-headed ogre
 12281 | D:11     | Reached XP level 11. HP: 94/94 MP: 14/14
 12407 | D:11     | Noticed a six-headed hydra
 12412 | D:11     | Killed a six-headed hydra
 12445 | D:11     | Noticed a boulder beetle
 12458 | D:11     | Killed a boulder beetle
 12459 | D:11     | Reached skill level 11 in Long Blades
 12692 | D:11     | Noticed a two-headed ogre
 12699 | D:11     | Killed a two-headed ogre
 12704 | D:11     | Reached ***** piety under Cheibriados
 12710 | D:11     | Noticed a two-headed ogre
 12714 | D:11     | Killed a two-headed ogre
 12869 | D:11     | Reached skill level 5 in Slings
 13448 | D:11     | Found a staircase to the Lair.
 13891 | D:12     | Noticed a centaur warrior
 13899 | D:12     | Killed a centaur warrior
 13916 | D:12     | Noticed a deep elf pyromancer
 13916 | D:12     | Noticed a deep elf pyromancer
 13923 | D:12     | Killed a deep elf pyromancer
 13930 | D:12     | Killed a deep elf pyromancer
 13931 | D:12     | Reached skill level 1 in Spellcasting
 13931 | D:12     | Reached XP level 12. HP: 61/104 MP: 16/16
 14192 | D:12     | Identified the +1 scale mail of Tartarus {rCorr Int-4 SInv}
 14511 | D:12     | Noticed a five-headed hydra
 14519 | D:12     | Killed a five-headed hydra
 14930 | D:13     | Reached skill level 12 in Long Blades
 15025 | D:13     | Noticed Snorg
 15040 | D:13     | Killed Snorg
 15041 | D:13     | Reached skill level 10 in Fighting
 16019 | D:13     | Noticed a two-headed ogre
 16025 | D:13     | Killed a two-headed ogre
 16338 | D:14     | Noticed a tengu warrior
 16346 | D:14     | Killed a tengu warrior
 16347 | D:14     | Reached skill level 1 in Throwing
 16669 | D:14     | Noticed a centaur warrior
 16669 | D:14     | Noticed a centaur warrior
 16669 | D:14     | Noticed a boulder beetle
 16669 | D:14     | Noticed a seven-headed hydra
 16669 | D:14     | Noticed a vault guard
 16677 | D:14     | Noticed a vault guard
 16681 | D:14     | Killed a centaur warrior
 16683 | D:14     | Killed a boulder beetle
 16683 | D:14     | Killed a centaur warrior
 16684 | D:14     | Noticed a vault guard
 16685 | D:14     | Killed a seven-headed hydra
 16686 | D:14     | Reached XP level 13. HP: 40/114 MP: 7/18
 16736 | D:14     | Cast into level 3 of the Abyss (a wizard)
 16736 | Abyss:3  | Found a corrupted altar of Lugonu.
 16737 | Abyss:3  | Noticed a tentacled starspawn
 16745 | Abyss:3  | Reached skill level 10 in Armour
 16749 | Abyss:3  | Killed a tentacled starspawn
 16750 | Abyss:3  | HP: 7/171 [smoke demon (5)]
 16758 | Abyss:3  | HP: 1/171 [smoke demon/divine providence (16)]
 16759 | Abyss:3  | Slain by a smoke demon

Illustrated notes

Levels and vault maps discovered:
D:1:      dpeg_arrival_court, layout_rooms, serial_shops,
          nicolae_shop_waterfront
D:2:      layout_basic, basic_altar
D:3:      layout_loops_ring, kennysheep_doodads, corexii_shack, glass_columns_a,
          minmay_vboxes
D:4:      layout_basic, cheibrodos_worm_habitat
D:5:      layout_cave_pools, gammafunk_temple_overflow_statue,
          nrook_pool_corridor
D:6:      minmay_polygon_palace, layout_loops_corners, minmay_microvault
D:7:      layout_basic, minmay_temple_entry_glass, uniq_joseph
D:8:      layout_basic, nicolae_tso_swordbearing_angel, old_standard_altar,
          kennysheep_decorative_pillar, wad_floor_pattern_1
D:9:      layout_basic, chequers_temple_overflow_statue_of_worship, orc_0_dummy,
          grunt_ministairs_7, hex_intersection, uniq_prince_ribbit1, uniq_pikel
D:10:     layout_loops_corners
D:11:     layout_rooms, erik_lair_orcish_takeover, minivault_7
D:12:     layout_cross, billiards_dpeg
D:13:     layout_basic, kennysheep_generic_room_4, uniq_snorg
D:14:     layout_loops_ring, lightli_vaults_fourway_checkpoint,
          nicolae_gozag_cash_rules_everything_around_me
Abyss:3:  base: D:8, hangedman_stitches_earthworm, minivault_13

Skill      XL: |  1  2  3  4  5  6  7  8  9 10 11 12 13 |
---------------+----------------------------------------+-----
Armour         | 4 5 6 7 8 9 10 | 10.0
Fighting       | 4 5 6 7 9 10 | 10.5
Dodging        | 1 2 3 4 5 6 7 8 |  8.9
Long Blades    | 3 4 5 6 7 8 9 10 11 12 | 12.6
Shields        | 4 5 6 7 8 9 |  9.7
Invocations    | 1 2 3 4 6 7 8 |  8.3
Short Blades   | 1 2 |  2.5
Slings         | 3 6 7 |  7.6
Stealth        | 1 |  1.2
Spellcasting   | 1 2 3 |  3.1
Throwing       | 1 |  1.5
Evocations     | |  0.3

Action                   |  1- 3 |  4- 6 |  7- 9 | 10-12 | 13-15 || total
-------------------------+-------+-------+-------+-------+-------++-------
Melee: Long sword        |    91 |   155 |   181 |   218 |    15 ||   660
       Headbutt          |    14 |    35 |    82 |    87 |     2 ||   220
       Dagger            |       |       |   100 |       |       ||   100
 Fire: Hunting sling     |       |       |    24 |   244 |     8 ||   276
Throw: Dart              |       |       |    10 |       |       ||    10
       Boomerang         |       |       |       |     8 |       ||     8
Invok: Slouch            |       |       |       |     3 |       ||     3
       Step From Time    |       |       |       |       |     1 ||     1
Evoke: Wand              |       |     1 |     3 |     2 |     1 ||     7
       Phantom mirror    |       |       |       |     1 |     1 ||     2
  Use: Potion            |       |     1 |     6 |     1 |    12 ||    20
       Scroll            |       |       |     3 |     8 |     2 ||    13
Armor: Scale mail        |    61 |       |       |       |       ||    61
       Chain mail        |       |    83 |       |       |       ||    83
       Plate armour      |       |    34 |   213 |   132 |       ||   379
       Skin              |       |    20 |    30 |       |    22 ||    72
Dodge: Dodged            |    24 |    40 |    95 |   166 |     5 ||   330
Block: Kite shield       |    63 |    95 |   257 |   277 |    26 ||   718
       Rpst.: Long sword |     5 |     9 |    17 |    13 |     1 ||    45

Table legend: (Time is in decaauts)
 A = Elapsed time spent in this place.
 B = Non-inter-level travel time spent in this place.
 C = Inter-level travel time spent in this place.
 D = Time resting spent in this place.
 E = Time spent auto-exploring this place.
 F = Levels seen in this place.
 G = Mean time per level.
                   A        B        C        D        E       F      G
               +--------+--------+--------+--------+--------+-----+--------+
         Total |  21530 |  20707 |    823 |   2688 |  15293 |  15 | 1435.3 |
       Dungeon |  21509 |  20686 |    823 |   2688 |  15293 |  14 | 1536.4 |
         Abyss |     21 |     21 |      0 |      0 |      0 |   1 |   21.0 |
               +--------+--------+--------+--------+--------+-----+--------+

Top non-repeatable levels by time:
     D:9: 2556 daAuts
     D:6: 2464 daAuts
    D:13: 2284 daAuts
    D:11: 2011 daAuts
     D:7: 1735 daAuts
     D:5: 1672 daAuts
    D:10: 1565 daAuts
     D:8: 1551 daAuts
     D:4: 1310 daAuts
    D:12: 1144 daAuts
     D:2: 984 daAuts
     D:3: 916 daAuts
     D:1: 723 daAuts
    D:14: 588 daAuts
 Abyss:3: 21 daAuts
